 Dungeon Crawl Stone Soup version 0.31-a0-233-g139696dc86 (webtiles) character file.

Game seed: 14882661457728785877

347 qw the Shooter (level 6, -4/53 HPs)
             Began as a Minotaur Hexslinger on July 7, 2023.
             Slain by a lemure (7 damage)
             ... led by Pikel
             ... on level 5 of the Dungeon.
             The game lasted 00:01:43 (3496 turns).

qw the Shooter (Minotaur Hexslinger)                Turns: 3496, Time: 00:01:43

Health: -4/53      AC: 17    Str: 12    XL:     6   Next: 33%
Magic:  6/6        EV: 11    Int: 15    God:
Gold:   114        SH:  0    Dex: 19    Spells: 6/7 levels left

rFire   x x .        Y - +1 sling (chaos)
rCold   x x .        (no shield)
rNeg    . . .        i - +3 ring mail of the Big Bang {*Slow Int+5 Dex+4 SInv}
rPois   +            (helmet restricted)
rElec   .            h - +0 cloak
rCorr   +            (no gloves)
SInv    +            (no boots)
Will    .....        a - amulet of Elemental Vulnerability {rPois rF-- rC-- AC+8}
Stlth   +            c - ring of resist corrosion
HPRegen 0.28/turn    (no ring)
MPRegen 0.10/turn

%: slow self (1%)
@: about to teleport
A: horns 2, retaliatory headbutt
a: no special abilities


You were on level 5 of the Dungeon.
You visited 1 branch of the dungeon, and saw 5 of its levels.

You collected 114 gold pieces.


Innate Abilities, Weirdness & Mutations

You have a pair of horns on your head.
You reflexively headbutt those who attack you in melee.


   Skills:
 - Level 4.3 Fighting
 + Level 6.2 Ranged Weapons
 - Level 1.1 Armour
 - Level 2.1 Dodging
 - Level 1.0 Spellcasting
 - Level 2.0 Hexes


You had 6 spell levels left.
You knew the following spells:

 Your Spells              Type           Power      Damage    Failure   Level
a - Slow                  Hex            24%        N/A       24%         1

Your spell library contained the following spells:

 Spells                   Type           Power      Damage    Failure   Level
 Inner Flame              Hex/Fire       3%         N/A       73%         3
 Portal Projectile        Hex/Tloc       6%         N/A       73%         3
 Cause Fear               Hex            3%         N/A       94%         4

Inventory:

Hand Weapons
 Y - a +1 sling of chaos (weapon)
Armour
 h - a +0 cloak (worn)
 i - the +3 ring mail of the Big Bang (worn) {*Slow Int+5 Dex+4 SInv}
   (You found it on level 2 of the Dungeon)

   Int:       It affects your intelligence (+5).
   Dex:       It affects your dexterity (+4).
   SInv:      It lets you see invisible.
   *Slow:     It may slow you when you take damage.
Jewellery
 a - the amulet of Elemental Vulnerability (around neck) {rPois rF-- rC-- AC+8}
   (You found it on level 3 of the Dungeon)

   [amulet of nothing]

   AC:        It affects your AC (+8).
   rF:        It makes you very vulnerable to fire.
   rC:        It makes you very vulnerable to cold.
   rPois:     It protects you from poison.
 b - a ring of protection from fire
 c - a ring of resist corrosion (left hand)
Scrolls
 f - a scroll of identify
 g - a scroll of teleportation
Potions
 d - a potion of haste
 e - 2 potions of curing

Dungeon Overview and Level Annotations

Branches:
Dungeon (5/15)             Temple (0/1) D:5

Altars:
Ru

Annotations:
D:3 1 runed translucent door, Crazy Yiuf
D:5 Pikel


Message History

Pikel hits you but does no damage. The orc barely misses you.
The lemure hits you but does no damage. The lemure hits you.
The orc barely misses you. You furiously retaliate!
You headbutt the orc!
You kill the orc!
The orc closely misses you. The lemure completely misses you.
Pikel hits you but does no damage.
You shoot a sling bullet.
The sling bullet completely misses Pikel.
The orc misses you. The orc closely misses you. The lemure misses you.
You furiously retaliate!
You headbutt the lemure. The lemure barely misses you.
Pikel hits you with a +0 whip of freezing.
Pikel freezes you.
You shoot a sling bullet. The sling bullet hits Pikel.
Pikel is severely wounded.
The lemure hits you but does no damage. The orc closely misses you.
Pikel closely misses you. The lemure misses you.
You shoot a sling bullet. The sling bullet misses Pikel.
Pikel hits you but does no damage. The lemure hits you.
The orc hits you but does no damage. The lemure closely misses you.
You shoot a sling bullet. The sling bullet barely misses Pikel.
The lemure hits you but does no damage. x2; The orc hits you but does no damage.
Pikel hits you with a +0 whip of freezing.
Pikel freezes you. The lemure hits you but does no damage.
The orc hits you but does no damage. The lemure closely misses you.
The lemure misses you. The lemure barely misses you. You furiously retaliate!
You headbutt the lemure, but do no damage.
Pikel closely misses you.
3495 ||| READING 2 scrolls of teleportation.
As you read the scroll of teleportation, it crumbles to dust.
You feel strangely unstable. The lemure hits you but does no damage.
The orc misses you. The lemure hits you. The lemure closely misses you.
Pikel hits you with a +0 whip of freezing.
Pikel freezes you.
You shoot a sling bullet. The sling bullet closely misses Pikel.
The lemure barely misses you. You furiously retaliate!
You headbutt the lemure. The lemure hits you but does no damage.
The orc closely misses you.
Pikel hits you with a +0 whip of freezing.
Pikel freezes you. The lemure hits you!
You die...

## # ##. .###
#..# #....
...###.... ##
...#...# ##.
.S...#
#..#####5Ko##
#....#.@5o.#
#..#..5#5..#
#....## .....
#...#.# ....
#.#...# ..#
#.##..# ##
#.##....
#.##.#.##
#..#.###


You could see Pikel (agile, drained), 4 lemures, an adder and 2 orcs.

Vanquished Creatures
  A scorpion (D:4)
  A hound (D:5)
  3 orc wizards (D:4)
  Robin (D:3)
  7 adders
  2 worms (D:2)
  A dart slug (D:1)
  9 orcs
  7 endoplasms
  2 giant cockroaches
  7 hobgoblins
  3 jackals (D:4)
  4 kobolds
  5 quokkas
  5 ball pythons
  7 bats
  5 frilled lizards
  14 goblins
  8 rats
92 creatures vanquished.

Vanquished Creatures (others)
  An orc priest (D:4)
1 creature vanquished.

Grand Total: 93 creatures vanquished

Notes
Turn   | Place    | Note
-------+----------+-------------------------------------------
     0 | D:1      | qw the Minotaur Hexslinger began the quest for the Orb.
     0 | D:1      | Reached XP level 1. HP: 16/16 MP: 1/1
     0 | D:1      | 0 ||| qw: Version: 0.3-a-46-gb1f654a
     0 | D:1      | 0 ||| qw: Game counter: 3233
     0 | D:1      | 0 ||| qw: Melee chars always use a shield: true
     0 | D:1      | 0 ||| qw: God list: Okawaru
     0 | D:1      | 0 ||| qw: Allow faded altars: false
     0 | D:1      | 0 ||| qw: Do Orc after clearing Dungeon:15 true
     0 | D:1      | 0 ||| qw: Do second Lair branch before Depths: true
     0 | D:1      | 0 ||| qw: Lair rune preference: random
     0 | D:1      | 0 ||| qw: Goals: Normal
     0 | D:1      | 0 ||| PLANNING D:1-11
    53 | D:1      | Reached skill level 3 in Ranged Weapons
    55 | D:1      | Reached XP level 2. HP: 23/23 MP: 2/2
    67 | D:1      | 67 ||| FLEEEEING.
    68 | D:1      | 68 ||| FLEEEEING.
    69 | D:1      | 69 ||| FLEEEEING.
    70 | D:1      | 70 ||| FLEEEEING.
    71 | D:1      | 71 ||| FLEEEEING.
    72 | D:1      | 72 ||| FLEEEEING.
    73 | D:1      | 73 ||| FLEEEEING.
    74 | D:1      | 74 ||| FLEEEEING.
    75 | D:1      | 75 ||| FLEEEEING.
    76 | D:1      | 76 ||| FLEEEEING.
    77 | D:1      | 77 ||| FLEEEEING.
    78 | D:1      | 78 ||| FLEEEEING.
    79 | D:1      | 79 ||| FLEEEEING.
    80 | D:1      | 80 ||| FLEEEEING.
    81 | D:1      | 81 ||| FLEEEEING.
    82 | D:1      | 82 ||| FLEEEEING.
    83 | D:1      | 83 ||| FLEEEEING.
    84 | D:1      | 84 ||| FLEEEEING.
    85 | D:1      | 85 ||| FLEEEEING.
    86 | D:1      | 86 ||| FLEEEEING.
    87 | D:1      | 87 ||| FLEEEEING.
    88 | D:1      | 88 ||| FLEEEEING.
    89 | D:1      | 89 ||| FLEEEEING.
    91 | D:1      | 91 ||| FLEEEEING.
   194 | D:1      | Found a faded altar of an unknown god.
   517 | D:1      | Reached XP level 3. HP: 29/29 MP: 3/3
   722 | D:1      | 722 ||| READING scroll labelled ANYFYEM KODARELL.
   727 | D:1      | 727 ||| READING 2 scrolls labelled OBOOXE ATWIYNU.
   728 | D:1      | 728 ||| READING scroll labelled DOPHOGH APRA.
   729 | D:1      | 729 ||| READING scroll labelled LORIXO HUREEJU.
   730 | D:1      | 730 ||| DRINKING 2 sedimented pink potions.
   731 | D:1      | 731 ||| DROPPING scroll of poison.
   843 | D:2      | Reached skill level 4 in Ranged Weapons
  1324 | D:2      | Identified the +3 ring mail of the Big Bang {*Slow Int+5
                  | Dex+4 SInv}
  1713 | D:2      | 1713 ||| UPGRADING to +0 ring mail.
  1723 | D:2      | 1723 ||| DROPPING +0 robe.
  1724 | D:2      | 1724 ||| UPGRADING to +3 ring mail of the Big Bang {*Slow
                  | Int+5 Dex+4 SInv}.
  1734 | D:2      | 1734 ||| DROPPING +0 ring mail.
  1735 | D:2      | 1735 ||| UPGRADING to ring of protection from fire.
  1736 | D:2      | 1736 ||| READING scroll labelled YGGUT KURERGHO.
  1737 | D:2      | 1737 ||| READING 2 scrolls labelled ABBAOF ZIMM.
  1738 | D:2      | 1738 ||| DROPPING scroll of revelation.
  1778 | D:3      | Found the amulet of Elemental Vulnerability {rPois rF--
                  | rC-- AC+8}
  1786 | D:3      | Reached XP level 4. HP: 36/36 MP: 4/4
  1801 | D:3      | Reached skill level 1 in Armour
  2140 | D:3      | Noticed Robin
  2147 | D:3      | Killed Robin
  2148 | D:3      | Reached skill level 5 in Ranged Weapons
  2345 | D:3      | Found a runed translucent door.
  2346 | D:3      | Noticed Crazy Yiuf
  2386 | D:3      | 2386 ||| UPGRADING to amulet of Elemental Vulnerability
                  | {rPois rF-- rC-- AC+8}.
  2391 | D:3      | 2391 ||| REMOVING ring of protection from fire.
  2392 | D:3      | 2392 ||| READING scroll labelled WIEWUN QUANEWN.
  2393 | D:3      | 2393 ||| READING 2 scrolls of identify.
  2393 | D:3      | 2393 ||| IDENTIFYING glowing sapphire potion
  2394 | D:3      | 2394 ||| DROPPING potion of brilliance.
  2434 | D:4      | Noticed a scorpion
  2438 | D:4      | Killed a scorpion
  2439 | D:4      | Reached skill level 3 in Fighting
  2439 | D:4      | Reached XP level 5. HP: 45/45 MP: 5/5
  2604 | D:4      | Found a sacrificial altar of Ru.
  2815 | D:4      | 2815 ||| Stepping ~*~*~tactically~*~*~ (outnumbered).
  2818 | D:4      | 2818 ||| DRINKING potion of curing.
  2818 | D:4      | 2818 ||| (to cure confusion)
  3108 | D:4      | Reached skill level 6 in Ranged Weapons
  3108 | D:4      | Reached XP level 6. HP: 36/51 MP: 6/6
  3219 | D:4      | 3219 ||| UPGRADING to +0 cloak.
  3224 | D:4      | 3224 ||| UPGRADING to ring of resist corrosion.
  3225 | D:4      | 3225 ||| READING 2 scrolls labelled NOFACALOUL.
  3226 | D:4      | 3226 ||| DROPPING scroll of fear.
  3391 | D:4      | 3391 ||| READING 2 scrolls of identify.
  3391 | D:4      | 3391 ||| IDENTIFYING cyan potion
  3451 | D:5      | Entered Level 5 of the Dungeon
  3470 | D:5      | Found a staircase to the Ecumenical Temple.
  3471 | D:5      | 3471 ||| PLANNING TEMPLE
  3478 | D:5      | Noticed Pikel
  3494 | D:5      | HP: 13/53 [Pikel/+0 whip of freezing (6)]
  3495 | D:5      | 3495 ||| READING 2 scrolls of teleportation.
  3495 | D:5      | HP: 6/53 [Pikel/+0 whip of freezing (2)]
  3496 | D:5      | Slain by a lemure

Levels and vault maps discovered:
D:1:      onia_arrival_pyramid, layout_loops_ring,
          shapermc_ecumenical_altar_hornbeckon, minmay_rat_gold_closets
D:2:      layout_basic, grunt_ministairs_6
D:3:      wad_pebble_path, layout_basic, uniq_robin, uniq_crazy_yiuf_cottage
D:4:      layout_loops_corners, nicolae_ru_awakened_eye
D:5:      layout_rooms, minmay_temple_entry_arrows, uniq_pikel, uniq_duvessa

Skill      XL: |  1  2  3  4  5  6 |
---------------+-------------------+-----
Ranged Weapons | 3 4 5 6 |  6.2
Fighting       | 2 3 4 |  4.3
Armour         | 1 |  1.1
Dodging        | |  2.1
Spellcasting   | |  1.0
Hexes          | |  2.0

Action                     |  1- 3 |  4- 6 || total
---------------------------+-------+-------++-------
   Fire: Sling             |   132 |   163 ||   295
    Use: Scroll            |     6 |     5 ||    11
         Potion            |     1 |     1 ||     2
 Armour: Robe              |     2 |       ||     2
         Ring mail         |     1 |    77 ||    78
  Dodge: Dodged            |    21 |    84 ||   105

Table legend:
 A = Non-vault XP
 B = Vault XP
 C = Vault XP percentage of total XP
 D = Non-vault monster count
 E = Vault monster count
 F = Vault count percentage of total count
                 A         B        C        D         E       F
            +---------+---------+-------+---------+---------+-------
      Total |     462 |      35 |   7.0 |      78 |      15 |  16.1
            +---------+---------+-------+---------+---------+-------
        D:1 |      46 |       6 |  11.5 |      28 |       6 |  17.6
        D:2 |      38 |       3 |   7.3 |      11 |       2 |  15.4
        D:3 |      52 |      26 |  33.3 |      10 |       7 |  41.2
        D:4 |     278 |       0 |   0.0 |      26 |       0 |   0.0
        D:5 |      48 |       0 |   0.0 |       3 |       0 |   0.0
            +---------+---------+-------+---------+---------+-------
